Map: Disco Bloodbath LE

Players

DeadlyFeet - Winner!

  • Race: Protoss Protoss
  • Spawn Location: 3:00

A.I. 2 (Elite)

  • Race: Zerg Zerg
  • Spawn Location: 9:00

VOD

Have the link to the VOD?

Description

Time

  • Played on: Oct. 18, 2019, 2:59 a.m.
  • Length: 9:05
Show
View Real Time Build Order
Export as new Build Order

DeadlyFeet Protoss - Winner!

Build Orders: 1 Gate Expand, Zealot Archon, Archon Drop, Dark Templar Rush 

Get SALT Encoding   

  12  0:01  Probe  
  13  0:13  Probe  
  14  0:21  Pylon  
  14  0:25  Probe  
  15  0:39  Probe (Chrono Boost)  
  15  0:41  Gateway  
  16  0:47  Assimilator  
  16  0:51  Probe (Chrono Boost)  
  17  0:58  Probe (Chrono Boost)  
  18  1:05  Probe  
  19  1:23  Nexus  
  19  1:35  Cybernetics Core  
  19  1:39  Probe  
  20  1:46  Assimilator  
  20  1:51  Probe  
  21  1:54  Pylon  
  21  2:03  Probe  
  22  2:09  Adept (Chrono Boost)  
  22  2:12  Warp Gate  
  24  2:21  Twilight Council  
  24  2:25  Probe  
  25  2:30  Adept (Chrono Boost)  
  25  2:36  Probe  
  28  2:37  Probe  
  29  2:44  Robotics Facility  
  29  2:48  Probe  
  29  2:51  Probe  
  31  3:00  Probe (Chrono Boost)  
  31  3:03  Probe (Chrono Boost)  
  33  3:06  Dark Shrine  
  33  3:12  Probe (Chrono Boost)  
  34  3:15  Probe (Chrono Boost)  
  35  3:21  Pylon, Probe (Chrono Boost)  
  35  3:22  Probe (Chrono Boost)  
  35  3:27  Probe  
  37  3:29  Probe  
  37  3:34  Gateway  
  39  3:38  Gateway  
  39  3:39  Probe  
  40  3:42  Probe  
  41  3:51  Gateway  
  41  3:52  Probe (Chrono Boost)  
  43  4:00  Probe (Chrono Boost)  
  44  4:03  Probe (Chrono Boost)  
  44  4:05  Pylon  
  44  4:06  Warp Prism (Chrono Boost)  
  44  4:09  Probe  
  46  4:10  Probe  
  46  4:14  Assimilator  
  48  4:17  Assimilator  
  48  4:22  Probe x2  
  50  4:30  Dark Templar x2  
  54  4:33  Dark Templar  
  54  4:35  Archon  
  56  4:44  Probe x2  
  56  4:45  Pylon  
  58  4:46  Dark Templar  
  58  4:50  Archon  
  60  5:07  Charge (Chrono Boost)  
  60  5:10  Forge  
  60  5:12  Nexus  
  60  5:16  Pylon  
  60  5:17  Immortal (Chrono Boost)  
  64  5:22  Probe  
  64  5:23  Probe  
  66  5:30  Pylon  
  66  5:34  Probe  
  66  5:35  Probe  
  68  5:39  Pylon  
  68  5:42  Dark Templar  
  70  5:45  Dark Templar  
  70  5:46  Probe  
  70  5:47  Probe  
  70  5:49  Archon  
  74  5:51  Immortal (Chrono Boost)  
  74  5:55  Protoss Ground Weapons Level 1 (Chrono Boost)  
  78  5:58  Probe  
  78  5:59  Probe  
  80  6:10  Probe  
  80  6:11  Dark Templar x2  
  83  6:15  Archon  
  85  6:18  Probe  
  85  6:19  Pylon  
  85  6:22  Probe  
  87  6:27  Immortal (Chrono Boost)  
  91  6:36  Gateway  
  91  6:38  Gateway  
  91  6:42  Gateway  
  91  6:46  Dark Templar x2  
  95  6:48  Probe  
  95  6:49  Probe  
  95  6:50  Probe  
  98  6:57  Pylon  
  98  7:00  Probe  
  100  7:01  Probe  
  100  7:02  Probe, Archon  
  100  7:04  Dark Templar x2  
  100  7:08  Archon  
  105  7:12  Probe  
  106  7:21  Probe x2  
  108  7:24  Pylon  
  108  7:32  Observer  
  108  7:34  Zealot x4  
  108  7:36  Zealot x2  
  121  7:40  Probe  
  121  7:42  Pylon  
  121  7:43  Pylon  
  122  7:50  Zealot  
  124  7:56  Zealot x4  
  132  8:01  Pylon  
  115  8:18  Probe x2  
  111  8:21  Pylon  
  111  8:22  Zealot x3  
  111  8:23  Zealot x4  
  119  8:44  Zealot x7  
Show
View Real Time Build Order
Export as new Build Order

A.I. 2 (Elite) Zerg 

Build Orders: Pool First 

Get SALT Encoding   

  12  0:00  Drone  
  13  0:12  Overlord  
  13  0:16  Drone  
  14  0:30  Drone x2  
  16  0:42  Spawning Pool  
  15  0:45  Drone  
  15  0:49  Drone  
  17  1:11  Hatchery  
  17  1:13  Drone  
  17  1:17  Extractor  
  16  1:18  Drone  
  16  1:23  Drone  
  18  1:28  Drone  
  19  1:38  Overlord  
  19  1:49  Drone  
  19  1:50  Queen  
  22  2:00  Zergling x2  
  23  2:10  Drone  
  24  2:21  Drone  
  25  2:25  Roach Warren  
  25  2:26  Queen  
  25  2:27  Extractor  
  25  2:31  Drone  
  25  2:36  Drone  
  27  2:43  Overlord  
  27  2:47  Drone  
  27  2:50  Drone  
  29  2:53  Drone  
  29  2:56  Drone  
  31  2:59  Drone  
  31  3:03  Zergling x2  
  33  3:05  Zergling x2  
  33  3:10  Roach  
  36  3:14  Roach  
  36  3:18  Roach  
  40  3:22  Roach  
  42  3:27  Drone  
  42  3:28  Drone  
  42  3:32  Overlord  
  44  3:39  Lair  
  44  3:50  Drone x3  
  44  3:51  Drone  
  44  3:53  Drone  
  44  3:55  Drone  
  50  3:58  Drone  
  50  4:01  Drone  
  52  4:04  Overlord  
  52  4:22  Zergling x2, Drone x5  
  58  4:32  Overlord, Zergling x4  
  58  4:33  Overlord  
  60  4:40  Hydralisk Den, Drone  
  60  4:41  Infestation Pit, Drone  
  60  4:49  Overlord  
  60  4:50  Roach x3  
  66  4:56  Roach  
  68  5:08  Hydralisk  
  68  5:09  Hydralisk  
  68  5:10  Drone, Hydralisk  
  68  5:11  Drone, Hydralisk  
  68  5:14  Overlord  
  78  5:18  Hive  
  78  5:25  Infestor  
  80  5:28  Overlord  
  80  5:32  Overlord  
  80  5:36  Evolution Chamber, Drone  
  80  5:39  Evolution Chamber, Drone  
  80  5:42  Overlord  
  80  5:45  Overlord  
  80  5:49  Zergling x2  
  80  5:53  Zergling x2, Infestor  
  80  5:55  Zergling x2  
  80  5:56  Zergling x2  
  85  5:58  Zergling x2  
  85  5:59  Zergling x2  
  87  6:08  Overlord x2, Zergling x2  
  88  6:20  Infestor  
  90  6:28  Drone  
  90  6:29  Extractor  
  90  6:30  Drone  
  90  6:31  Evolution Chamber  
  90  6:32  Drone  
  91  6:33  Extractor  
  91  6:34  Drone  
  91  6:38  Metabolic Boost  
  91  6:39  Hatchery  
  90  6:41  Drone  
  91  6:51  Drone x3  
  94  6:56  Drone x3, Zerg Melee Weapons Level 1  
  97  7:06  Zerg Missile Weapons Level 1  
  97  7:18  Overseer  
  97  7:26  Spine Crawler  
  97  7:27  Drone  
  97  7:28  Drone, Spine Crawler  
  97  7:29  Hydralisk  
  99  7:33  Hydralisk  
  101  7:38  Hydralisk  
  101  7:42  Hydralisk  
  105  7:47  Hydralisk  
  107  7:51  Queen  
  107  7:52  Drone, Hydralisk  
  107  7:53  Drone x3  
  107  7:54  Drone x5  
  107  7:55  Drone x2  
  122  8:03  Drone  
  122  8:05  Drone  
  101  8:13  Hydralisk  
  101  8:14  Zergling x2, Roach  
  101  8:17  Zergling x2  
  101  8:18  Roach  
  101  8:19  Drone, Roach  
  88  8:25  Hatchery, Roach  
  83  8:28  Drone  
  84  8:35  Hydralisk  
  79  8:41  Spore Crawler  
  79  8:47  Zergling x2  
  50  8:58  Extractor  
Tags
 
Add a new tag
Caveats
  • Supply blocks, unpowered buildings, or Contaminate may cause inaccurate times.
  • Supply counts are checked every 10 seconds.